1989 views
Uploaded 2023-02-19 13:21:51
Game version 1.35 (6115)
20:38 long 1on1 ladder game on (2)northernisles s3
Saved by TALONSARIMBA
1989 views
Uploaded 2023-02-19 13:21:51
Game version 1.35 (6115)
20:38 long 1on1 ladder game on (2)northernisles s3

69 units @ 8k
/ 0.9k
14 buildings @ 2.5k
/ 1k


| Lesser Clarity Potion | 1 | 70 |
| Potion of Healing | 8 | 1200 |
| Staff of Preservation | 2 | 300 |
| Potion of Mana | 3 | 600 |
| Moonstone | 2 | 100 |
| Scroll of Healing | 1 | 250 |
| Scroll of Town Portal | 2 | 700 |
| total: | 19 | 3220g |
| Wisp | 26 | 1560 | / | 0 |
| Archer | 8 | 1040 | / | 80 |
| Hippogryph | 3 | 480 | / | 60 |
| Faerie Dragon | 32 | 4960 | / | 800 |
| total: | 69 | 8040g | / | 940w |
| Altar of Elders | 1 | 180 | / | 50 |
| Moon Well | 7 | 1260 | / | 280 |
| Ancient of War | 1 | 150 | / | 60 |
| Tree of Life | 1 | 340 | / | 185 |
| Ancient of Wonders | 1 | 90 | / | 30 |
| Hunter's Hall | 1 | 210 | / | 100 |
| Ancient of Wind | 2 | 300 | / | 280 |
| Tree of Ages | 1 | 320 | / | 180 |
| total: | 14 | 2530g | / | 985w |
| 0:01 | Wisp |
| 0:02 | Wisp |
| 0:07 | Altar of Elders |
| 0:10 | Moon Well |
| 0:15 | Ancient of War |
| 0:18 | Moon Well |
| 0:24 | Wisp |
| 0:34 | Wisp |
| 0:43 | Wisp |
| 0:51 | Wisp |
| 1:00 | Wisp |
| 1:10 | Wisp |
| 1:22 | Archer |
| 1:27 | Wisp |
| 1:43 | Moon Well |
| 2:03 | Wisp |
| 2:14 | Force of Nature |
| 2:41 | Moon Well |
| 2:42 | Wisp |
| 2:42 | Wisp |
| 2:55 | Entangling Roots |
| 3:08 | Tree of Life |
| 3:22 | Archer |
| 3:22 | Archer |
| 3:37 | Ancient of Wonders |
| 3:38 | Wisp |
| 3:57 | Tree of Ages |
| 4:32 | Archer |
| 4:32 | Archer |
| 5:52 | Archer |
| 5:52 | Archer |
| 6:06 | Lesser Clarity Potion |
| 6:15 | Archer |
| 6:21 | Ancient of Wind |
| 6:22 | Wisp |
| 6:26 | Ancient of Wind |
| 6:52 | Nature's Blessing |
| 7:17 | Mana Burn |
| 7:18 | Potion of Healing |
| 7:19 | Staff of Preservation |
| 7:33 | Hippogryph |
| 7:38 | Hippogryph |
| 7:50 | Hippogryph |
| 8:03 | Faerie Dragon |
| 8:17 | Faerie Dragon |
| 8:47 | Faerie Dragon |
| 8:48 | Wisp |
| 8:49 | Wisp |
| 8:57 | Faerie Dragon |
| 9:10 | Faerie Dragon |
| 9:14 | Moon Well |
| 9:27 | Evasion |
| 9:28 | Force of Nature |
| 9:33 | Moon Well |
| 9:35 | Faerie Dragon |
| 9:55 | Potion of Healing |
| 9:56 | Staff of Preservation |
| 11:20 | Scroll of Healing |
| 11:20 | Scroll of Town Portal |
| 11:37 | Faerie Dragon |
| 11:37 | Faerie Dragon |
| 11:37 | Faerie Dragon |
| 11:37 | Faerie Dragon |
| 11:51 | Faerie Dragon |
| 12:43 | Faerie Dragon |
| 12:43 | Faerie Dragon |
| 12:55 | Entangling Roots |
| 13:01 | Faerie Dragon |
| 13:01 | Faerie Dragon |
| 13:25 | Mana Burn |
| 13:34 | Potion of Healing |
| 13:37 | Potion of Mana |
| 13:45 | Wisp |
| 13:46 | Wisp |
| 13:46 | Wisp |
| 14:21 | Potion of Healing |
| 14:21 | Potion of Mana |
| 14:53 | Faerie Dragon |
| 14:55 | Hunter's Hall |
| 14:57 | Wisp |
| 14:57 | Wisp |
| 14:57 | Wisp |
| 14:58 | Wisp |
| 15:00 | Wisp |
| 15:00 | Wisp |
| 15:03 | Moon Well |
| 15:04 | Wisp |
| 15:10 | Potion of Healing |
| 15:12 | Faerie Dragon |
| 15:25 | Faerie Dragon |
| 15:38 | Faerie Dragon |
| 16:04 | Potion of Healing |
| 16:39 | Faerie Dragon |
| 16:40 | Faerie Dragon |
| 16:50 | Moonstone |
| 16:54 | Scroll of Town Portal |
| 16:56 | Faerie Dragon |
| 17:46 | Faerie Dragon |
| 17:46 | Faerie Dragon |
| 17:47 | Faerie Dragon |
| 17:47 | Faerie Dragon |
| 18:12 | Potion of Healing |
| 19:13 | Faerie Dragon |
| 19:13 | Faerie Dragon |
| 19:13 | Faerie Dragon |
| 19:13 | Faerie Dragon |
| 19:13 | Faerie Dragon |
| 19:18 | Moonstone |
| 19:44 | Potion of Healing |
| 19:45 | Potion of Mana |
| 19:47 | Faerie Dragon |
| Right click | 1142 |
| Select | 556 |
| Build/train/purchase | 128 |
| Select group | 101 |
| Use ability | 74 |
| Item give/drop | 2 |
| Assign group | 1 |
30 units @ 5.9k
/ 1k
11 buildings @ 1.8k
/ 0.6k


| Rod of Necromancy | 2 | 300 |
| Potion of Mana | 2 | 400 |
| Orb of Corruption | 1 | 375 |
| Potion of Healing | 1 | 150 |
| Potion of Lesser Invulnerability | 1 | 150 |
| Claws of Attack +9 | 1 | 300 |
| total: | 8 | 1675g |
| Acolyte | 2 | 150 | / | 0 |
| Ghoul | 2 | 240 | / | 0 |
| Crypt Fiend | 20 | 4300 | / | 800 |
| Obsidian Statue | 6 | 1200 | / | 210 |
| total: | 30 | 5890g | / | 1010w |
| Nerubian Tower | 1 | 100 | / | 20 |
| Crypt | 1 | 200 | / | 50 |
| Graveyard | 1 | 215 | / | 0 |
| Altar of Darkness | 1 | 180 | / | 50 |
| Ziggurat | 6 | 900 | / | 300 |
| Tomb of Relics | 1 | 130 | / | 30 |
| Slaughterhouse | 1 | 140 | / | 135 |
| Halls of the Dead | 1 | 320 | / | 210 |
| Black Citadel | 1 | 325 | / | 230 |
| total: | 11 | 1765g | / | 565w |
| 0:02 | Acolyte |
| 0:07 | Crypt |
| 0:13 | Graveyard |
| 0:32 | Altar of Darkness |
| 0:42 | Acolyte |
| 1:01 | Ziggurat |
| 1:12 | Ghoul |
| 1:52 | Crypt Fiend |
| 1:58 | Ziggurat |
| 2:03 | Tomb of Relics |
| 2:13 | Nerubian Tower |
| 2:38 | Crypt Fiend |
| 2:51 | Death Coil |
| 3:13 | Crypt Fiend |
| 3:29 | Rod of Necromancy |
| 3:43 | Halls of the Dead |
| 3:55 | Ghoul |
| 4:42 | Crypt Fiend |
| 4:43 | Ziggurat |
| 5:07 | Unholy Aura |
| 5:53 | Crypt Fiend |
| 6:10 | Slaughterhouse |
| 7:09 | Death Coil |
| 7:25 | Black Citadel |
| 7:34 | Potion of Mana |
| 7:40 | Rod of Necromancy |
| 7:44 | Frost Nova |
| 7:48 | Ziggurat |
| 8:14 | Claws of Attack +9 |
| 8:28 | Obsidian Statue |
| 8:37 | Web |
| 9:02 | Crypt Fiend |
| 9:07 | Obsidian Statue |
| 9:29 | Frost Armor |
| 9:38 | Potion of Lesser Invulnerability |
| 9:43 | Crypt Fiend |
| 9:49 | Creature Carapace |
| 10:00 | Crypt Fiend |
| 10:16 | Crypt Fiend |
| 10:42 | Crypt Fiend |
| 11:08 | Crypt Fiend |
| 11:18 | Crypt Fiend |
| 11:47 | Improved Creature Carapace |
| 12:29 | Frost Nova |
| 12:34 | Crypt Fiend |
| 12:43 | Obsidian Statue |
| 12:59 | Unholy Aura |
| 13:09 | Crypt Fiend |
| 13:31 | Crypt Fiend |
| 13:31 | Obsidian Statue |
| 14:03 | Frost Armor |
| 14:11 | Death Coil |
| 14:53 | Orb of Corruption |
| 14:56 | Potion of Healing |
| 14:58 | Potion of Mana |
| 15:05 | Crypt Fiend |
| 15:20 | Creature Attack |
| 16:14 | Crypt Fiend |
| 17:08 | Burrow |
| 17:16 | Unholy Aura |
| 17:38 | Crypt Fiend |
| 17:51 | Crypt Fiend |
| 18:31 | Crypt Fiend |
| 18:36 | Animate Dead |
| 18:57 | Obsidian Statue |
| 18:57 | Obsidian Statue |
| 19:38 | Ziggurat |
| 19:39 | Improved Creature Attack |
| 19:40 | Ziggurat |
| Right click | 2003 |
| Select | 874 |
| Select group | 828 |
| Misc. action | 282 |
| Build/train/purchase | 123 |
| Assign group | 43 |
| Use ability | 30 |
| Item give/drop | 1 |
| Esc | 1 |
โ